 Dungeon Crawl Stone Soup version 0.17.1-3-g152610e (webtiles) character file.

1347 dobroeutro the Cleaver (level 8, -1/64 HPs)
             Began as a Minotaur Fighter on Apr 27, 2016.
             Slain by Pikel
             ... wielding a +2 whip of electrocution
              (18 damage)
             ... on level 6 of the Dungeon.
             The game lasted 00:07:29 (3867 turns).

dobroeutro the Cleaver (Minotaur Fighter)           Turns: 3867, Time: 00:07:30

Health: -1/64      AC: 12    Str: 21    XL:     8   Next: 36%
Magic:  7/7        EV:  6    Int: 10    God:
Gold:   321        SH:  9    Dex: 12    Spells: 0 memorised, 7 levels left

rFire  . . .     SeeInvis +     a - +0 war axe
rCold  . . .     Clarity  .     C - +0 chain mail
rNeg   . . .     SustAt   .     c - +0 shield
rPois  .         Gourm    .     (helmet restricted)
rElec  .         Spirit   .     M - +0 cloak
rCorr  .         Warding  .     l - +1 pair of gloves
rMut   .         Stasis   .     (no boots)
MR     .....                    (no amulet)
Stlth  ..........               (no ring)
                                f - ring of see invisible

@: brilliant, not resistant to hostile enchantments, extremely unstealthy
A: retaliatory headbutt, horns 2
a: no special abilities


You were on level 6 of the Dungeon.
You were not hungry.

You visited 2 branches of the dungeon, and saw 7 of its levels.

You collected 321 gold pieces.

Inventory:

Hand Weapons
 a - a +0 war axe (weapon)
Armour
 b - a +0 scale mail
 c - a +0 shield (worn)
 l - a +1 pair of gloves (worn)
 C - a +0 chain mail (worn)
 M - a +0 cloak (worn)
Jewellery
 f - a ring of see invisible (left hand)
Wands
 w - a wand of slowing (6)
 F - a wand of magic darts (23)
 J - a wand of slowing (31)
Scrolls
 h - a scroll of magic mapping {unknown}
 j - 7 scrolls of identify {unknown}
 m - 4 scrolls of noise {unknown}
 o - 3 scrolls of enchant armour {unknown}
 p - a scroll of fear {unknown}
 r - 3 scrolls of remove curse {unknown}
 s - a scroll of random uselessness {unknown}
 y - 2 scrolls of fog {unknown}
 D - 2 scrolls of immolation {unknown}
 E - a scroll of silence {unknown}
 K - a scroll of recharging {unknown}
 L - 2 scrolls of teleportation {unknown}
 N - a scroll of amnesia {unknown}
Potions
 d - a potion of might
 g - 3 potions of brilliance
 i - a potion of agility {unknown}
 k - 2 potions of degeneration {unknown}
 q - 3 potions of heal wounds {unknown}
 t - 2 potions of curing {unknown}
 v - 3 potions of lignification {unknown}
 x - 2 potions of magic {unknown}
 z - 2 potions of haste {unknown}
 A - a potion of resistance {unknown}
 G - a potion of beneficial mutation {unknown}
 I - 2 potions of poison {unknown}
 O - a potion of berserk rage {unknown}
Comestibles
 e - 3 bread rations
 n - 4 meat rations
 u - a beef jerky
 B - a slice of pizza
 H - a fruit
 P - 3 chunks of flesh


   Skills:
 + Level 3.6 Fighting
 + Level 11.5 Axes
 + Level 3.6 Armour
 - Level 2.4 Dodging
 - Level 1.8 Stealth
 + Level 3.6 Shields


You had 7 spell levels left.
You didn't know any spells.

Dungeon Overview and Level Annotations

Branches:
Dungeon (6/15)             Temple (1/1) D:5

Altars:
Cheibriados
Dithmenos
Fedhas
Gozag
Kikubaaqudgha
Makhleb
Ru
Sif Muna
Trog
Vehumet
Xom
Yredelemnul
Zin

Shops:
D:6 (

Annotations:
D:6 Pikel


Innate Abilities, Weirdness & Mutations

You reflexively headbutt those who attack you in melee.
You have a pair of horns on your head.


Message History

The slave shouts!
A slave comes into view.
There is an open door here.
The slave shouts!
Pikel barely misses you.
You closely miss Pikel. Pikel hits you but does no damage.
You are electrocuted!
You hit Pikel.
Pikel is lightly wounded.
Pikel hits you with a whip of electrocution!
* * * LOW HITPOINT WARNING * * *
An adder skeleton comes into view.
You are too injured to fight recklessly!
There is an open door here.
There is an open door here.
Drink which item? (? for menu, Esc to quit)
It was a potion of brilliance.
You feel clever all of a sudden. Pikel hits you but does no damage.
You are electrocuted!
You die...

#.####.#
####.####.###########
#...[................
###.##..###.###.######
##>..##..# #.##...##
#.##..#..# #.#.....#
#.#....... ..##...##
#.#...######.###.##
##......####.# #@#
##.......>.. #K# #...#.###
##p## #.#.#.# ##..p##
#.....# ##.....## # ###..##
##.......## .##
##...####........p####...###
#.......+.........Z...pZ....
##...####.....##########.###


You could see Pikel and 2 slaves.

Vanquished Creatures
  Grinder (D:4)
  Sigmund (D:4)
  An eye of draining (D:6)
  An ogre (D:6)
  2 centaurs (D:6)
  A giant frog (D:6)
  A scorpion (D:6)
  A centaur zombie (D:6)
  2 hounds
  A giant frog zombie (D:5)
  An iguana (D:6)
  An orc wizard (D:6)
  5 worker ants
  A hound zombie (D:6)
  Robin (D:3)
  6 adders
  A gnoll (D:2)
  A shadow imp (D:6)
  4 oozes
  3 worms
  8 orcs
  6 bats
  5 giant cockroaches
  10 hobgoblins
  5 kobolds
  3 ball pythons
  A ball python skeleton (D:4)
  4 giant geckos
  A giant gecko skeleton (D:5)
  5 giant newts
  15 goblins
  12 jackals
  3 quokkas
  A quokka zombie (D:5)
  24 rats
  A spectral orc (D:2)
140 creatures vanquished.

Notes
Turn   | Place    | Note
--------------------------------------------------------------
     0 | D:1      | dobroeutro the Minotaur Fighter began the quest for the Orb.
     0 | D:1      | Reached XP level 1. HP: 19/19 MP: 0/0
    37 | D:1      | Reached XP level 2. HP: 12/26 MP: 1/1
   311 | D:1      | Reached skill level 1 in Dodging
   806 | D:2      | Reached XP level 3. HP: 19/31 MP: 2/2
   899 | D:2      | Found a basalt altar of Yredelemnul.
   936 | D:2      | Reached skill level 4 in Axes
  1057 | D:2      | Found a burning altar of Makhleb.
  1072 | D:2      | Reached XP level 4. HP: 39/39 MP: 3/3
  1235 | D:2      | Found a snail-covered altar of Cheibriados.
  1248 | D:2      | Reached skill level 1 in Stealth
  1494 | D:3      | Noticed Robin
  1513 | D:3      | Killed Robin
  1513 | D:3      | Reached skill level 5 in Axes
  1560 | D:3      | Reached XP level 5. HP: 39/45 MP: 4/4
  1719 | D:4      | Noticed Sigmund
  1728 | D:4      | Killed Sigmund
  1728 | D:4      | Reached skill level 6 in Axes
  1728 | D:4      | Reached XP level 6. HP: 30/51 MP: 5/5
  1749 | D:4      | Found a shimmering altar of Xom.
  2136 | D:4      | Reached skill level 7 in Axes
  2163 | D:4      | Found a radiant altar of Vehumet.
  2324 | D:4      | Noticed Grinder
  2329 | D:4      | Paralysed by Grinder for 3 turns
  2341 | D:4      | Killed Grinder
  2341 | D:4      | Reached skill level 8 in Axes
  2341 | D:4      | Reached XP level 7. HP: 46/57 MP: 6/6
  2379 | D:5      | Entered Level 5 of the Dungeon
  2588 | D:5      | Found a shadowy altar of Dithmenos.
  2588 | D:5      | Found an ancient bone altar of Kikubaaqudgha.
  2665 | D:5      | Reached skill level 9 in Axes
  2871 | D:5      | Found a staircase to the Ecumenical Temple.
  3022 | Temple   | Entered the Ecumenical Temple
  3254 | D:6      | Reached skill level 10 in Axes
  3278 | D:6      | Reached XP level 8. HP: 17/64 MP: 0/7
  3492 | D:6      | Found Fapamau's Antique Weapon Boutique.
  3571 | D:6      | Reached skill level 11 in Axes
  3850 | D:6      | Noticed Pikel
  3867 | D:6      | Slain by Pikel

Action                   |  1- 3 |  4- 6 |  7- 9 || total
-------------------------+-------+-------+-------++-------
Melee: War axe           |    95 |   144 |   140 ||   379
  Use: Potion            |       |       |     1 ||     1
  Eat: Chunk             |     1 |     4 |     5 ||    10
